 Dungeon Crawl Stone Soup version 0.28.0-45-g0d030f2227 (webtiles) character file.

Game seed: 10793056670814619581

63 Violens the Chopper (level 3, 0/33 HPs)
             Began as a Minotaur Berserker on Apr 20, 2022.
             Was a Believer of Trog.
             Slain by Sigmund
             ... wielding a +2 scythe of protection
              (7 damage)
             ... on level 2 of the Dungeon.
             The game lasted 00:09:56 (1976 turns).

Violens the Chopper (Minotaur Berserker)            Turns: 1976, Time: 00:09:57

Health: 0/33       AC:  6    Str: 23    XL:     3   Next: 87%
Magic:  2/2        EV: 11    Int:  4    God:    Trog [**....]
Gold:   44         SH:  0    Dex:  9    Spells: 2/2 levels left

rFire   . . .      SeeInvis .   a - +0 hand axe
rCold   . . .      Faith    .   (no shield)
rNeg    . . .      Spirit   .   d - +0 ring mail
rPois   .          Reflect  .   (helmet restricted)
rElec   .          Harm     .   (no cloak)
rCorr   .          Rampage  .   f - +0 pair of gloves
Will    .....                   (no boots)
Stlth   ..........              (no amulet)
HPRegen 0.11/turn               (no ring)
MPRegen 0.08/turn               (no ring)

@: on berserk cooldown, slowed, very slow
A: horns 2, retaliatory headbutt
a: Renounce Religion, Berserk, Trog's Hand


You were on level 2 of the Dungeon.
You worshipped Trog.
Trog was pleased with you.
You visited 1 branch of the dungeon, and saw 2 of its levels.

You collected 44 gold pieces.

Inventory:

Hand Weapons
 a - a +0 hand axe (weapon)
Armour
 b - a +0 animal skin
 d - a +0 ring mail (worn)
 f - a +0 pair of gloves (worn)
Scrolls
 c - a scroll of torment {unknown}
Potions
 e - a potion of curing
 h - a potion of experience {unknown}


   Skills:
 + Level 4.2 Fighting
 + Level 4.3 Axes
 + Level 3.2 Armour
 + Level 3.0 Dodging


You had 2 spell levels left.
You didn't know any spells.
Your spell library was empty.

Dungeon Overview and Level Annotations

Branches:
Dungeon (2/15)

Altars:

Annotations:
D:2 Sigmund


Innate Abilities, Weirdness & Mutations

You have a pair of horns on your head.
You reflexively headbutt those who attack you in melee.


Message History

The goblin is heavily wounded.
You slash the goblin!
You kill the goblin!
Trog accepts your kill.
Sigmund mumbles some strange words.
Sigmund flickers and vanishes!
Deactivating autopickup; reactivate with Ctrl-A.
You closely miss the goblin. Your headbutt misses the goblin.
The goblin hits you with a +0 dagger of speed.
You slash the goblin!
You kill the goblin!
Trog accepts your kill.
You slash the goblin!
You kill the goblin!
Trog accepts your kill.
Items here: ))) ††.
You completely miss the hobgoblin. The hobgoblin closely misses you.
You slash the hobgoblin!
You kill the hobgoblin!
Trog accepts your kill.
A hobgoblin comes into view.
The hobgoblin shouts!
You hear some strange, mumbled words.
You are confused.
You bump into the rock wall.
You feel a strong urge to attack something.
Something hits you!
You miss something. Your headbutt misses something.
You are no longer berserk.
You are exhausted.
You feel yourself slow down.
You bump into the rock wall.
Something hits you!
You bump into the rock wall.
Something hits you but does no damage.
You're too confused to move!
You feel less confused. Something hits you.
You closely miss something. Something hits you but does no damage.
You closely miss something. Your headbutt misses something. Something hits you.
* * * LOW HITPOINT WARNING * * *
You barely miss something. Something hits you!
You die...

..... ### #.... ..# ....
..# #..# #.# #..# #.#
#..# #.#
#<.####.###############.
............))))@{g.....
#...###.#############...
#...###.#########
..........†......
##.......†....#.#
................#
#######.#####.### ..# #
##.#


You could see a hobgoblin.

Vanquished Creatures
  Robin (D:2)
  An adder (D:2)
  3 dart slugs
  3 ball pythons (D:1)
  4 bats (D:1)
  3 endoplasms
  A giant cockroach (D:1)
  3 hobgoblins
  3 frilled lizards (D:1)
  8 goblins
  3 kobolds
  3 rats
36 creatures vanquished.

Vanquished Creatures (others)
  3 fungi (D:1)
  3 plants (D:1)
6 creatures vanquished.

Grand Total: 42 creatures vanquished

Notes
Turn   | Place    | Note
-------+----------+-------------------------------------------
     0 | D:1      | Violens the Minotaur Berserker began the quest for the Orb.
     0 | D:1      | Reached XP level 1. HP: 19/19 MP: 0/0
   397 | D:1      | Reached XP level 2. HP: 22/27 MP: 1/1
   556 | D:1      | Found a faded altar of an unknown god.
  1758 | D:2      | Reached XP level 3. HP: 33/33 MP: 2/2
  1947 | D:2      | Noticed Robin
  1953 | D:2      | Reached ** piety under Trog
  1958 | D:2      | Killed Robin
  1959 | D:2      | Noticed Sigmund
  1976 | D:2      | Slain by Sigmund

Illustrated notes

Levels and vault maps discovered:
D:1:      dpeg_arrival_renting, layout_basic, shapermc_ecumenical_altar_gd,
          serial_corexii_hall, corexii_hall_statues_l,
          corexii_hall_statues_deadend
D:2:      layout_basic, basic_altar, serial_shops, shop, nicolae_grassy_gnolls,
          uniq_sigmund, uniq_robin

Skill      XL: |  1  2  3 |
---------------+----------+-----
Axes           | 4 |  4.3
Fighting       | 4 |  4.2
Armour         | 3 |  3.2
Dodging        | 3 |  3.0

Action                   || total
-------------------------++-------
Melee: Hand axe          ||    81
       Headbutt          ||     6
       Punch             ||     1
Invok: Berserk           ||     1
  Use: Scroll            ||     4
Armor: Animal skin       ||    10
       Ring mail         ||     5
Dodge: Dodged            ||    34
